 Dungeon Crawl Stone Soup version 0.14-a0-1844-g8283a67 (webtiles) character file.

529 Fv001 the Shield-Bearer (level 6, -6/38 HPs)
             Began as a Gargoyle Fighter on Jan 11, 2014.
             Killed by divine providence
             ... invoked by an orc priest
              (15 damage)
             ... on Level 4 of the Dungeon.
             The game lasted 00:16:09 (2890 turns).

Fv001 the Shield-Bearer (Gargoyle Fighter)          Turns: 2890, Time: 00:16:09

HP  -6/38        AC 14     Str 21      XL: 6   Next: 57%
MP   6/6         EV  5     Int  9      God:
Gold 187         SH 19     Dex  9      Spells:  0 memorised,  5 levels left

rFire  . . .     SeeInvis .     a - +0 mace
rCold  . . .     Clarity  .     y - +0 chain mail
rNeg   + . .     Conserve .     c - +0 shield
rPois  +         rCorr    .     (no helmet)
rElec  +         rRot     +     (no cloak)
SustAb + .       Spirit   .     (no gloves)
rMut   .         Warding  .     (no boots)
Saprov . . .     Stasis   .     (no amulet)
                                (no ring)
                                l - ring of sustain abilities

@: about to teleport, slightly resistant to hostile enchantments, extremely
unstealthy
A: life protection 1, electricity resistance, unbreathing, petrification
resistance, AC +4
a: no special abilities


You were on level 4 of the Dungeon.
You were not hungry.

You visited 1 branch of the dungeon, and saw 4 of its levels.

You collected 187 gold pieces.

Inventory:

Hand weapons
 a - a +0,+0 mace (weapon)
Missiles
 p - 2 tomahawks
 r - 26 stones
 v - 12 darts (quivered)
Armour
 c - a +0 shield (worn)
 y - a +0 chain mail (worn)
Comestibles
 d - 4 bread rations
 i - 2 meat rations
 k - a chunk of bat flesh
 u - a rotting chunk of ball python flesh
 w - 2 rotting chunks of kobold flesh
 z - 2 rotting chunks of worm flesh
Scrolls
 h - 2 scrolls of remove curse
 j - a scroll of enchant weapon I {unknown}
 m - 2 scrolls of immolation
 n - 2 scrolls of noise
 o - a scroll of recharging
 t - a scroll of random uselessness {unknown}
Jewellery
 l - a ring of sustain abilities (left hand)
Potions
 f - a potion of resistance {unknown}
 g - a potion of flight {unknown}
 q - a potion of brilliance
 s - a potion of magic {unknown}
 x - a potion of agility {unknown}


   Skills:
 + Level 4.0 Fighting
 + Level 3.2 Maces & Flails
 + Level 2.4 Throwing
 + Level 4.5 Armour
 + Level 1.6 Dodging
 + Level 0.5 Stealth
 + Level 4.6 Shields


You had 5 spell levels left.
You didn't know any spells.

Dungeon Overview and Level Annotations

Branches:
Dungeon (4/16)
 Temple: D:4-7

Altars:


Innate Abilities, Weirdness & Mutations

You are resistant to torment.
You are immune to poison.
Your stone body is very resilient (AC +4).
You resist negative energy.
You are resistant to electric shocks.
You can survive without breathing.
You are immune to petrification.


Message History

The jackal barks!
An orc priest comes into view. It is wielding an orcish flail.
You closely miss the orc.
The orc priest shouts!
You block the orc's attack.
The orc priest mumbles some strange prayers to Beogh against you.
Something smites you!
The orc priest mumbles some strange prayers to Beogh against you.
Something smites you!
* * * LOW HITPOINT WARNING * * *
Drink which item? (? for menu, Esc to quit)
Okay, then.
Read which item? (? for menu, Esc to quit)
Okay, then.
Read which item? (? for menu, Esc to quit)
As you read the scroll of teleportation, it crumbles to dust.
You feel strangely unstable.
The orc priest mumbles some strange prayers to Beogh against you.
Something smites you!
You die...

#.###...#...###
#.###.#..#.....
..#####.##...#..#.###
...............#....#####
#$..#####.....#..#.......#
......................>..#
.......o........#.....[..#
........h.o...............#
#..o...hoh@......##......#
#...#######....#.##.######
# ##.#.....(# ####.#### #.#
###.###.# ###
.###########.......# #
..##...............##..# #.
#.# #######.####..........


You could see an orc priest, 3 orcs and 3 jackals.

Vanquished Creatures
  3 orc priests (D:3)
  A hound (D:4)
  2 orc wizards (D:3)
  Ijyb (D:3)
  Terence (D:2)
  4 adders
  An inept feature mimic (D:2)
  2 worms
  11 orcs (D:3)
  9 bats
  3 giant cockroaches
  5 goblins
  6 hobgoblins
  4 quokkas
  3 ball pythons
  2 giant geckos
  5 giant newts
  A giant newt zombie (D:3)
  8 kobolds
  6 rats
78 creatures vanquished.

Notes
Turn   | Place    | Note
--------------------------------------------------------------
     0 | D:1      | Fv001, the Gargoyle Fighter, began the quest for the Orb.
     0 | D:1      | Reached XP level 1. HP: 14/14 MP: 1/1
   169 | D:1      | Reached XP level 2. HP: 19/19 MP: 2/2
   777 | D:2      | Reached XP level 3. HP: 22/24 MP: 3/3
   870 | D:2      | Noticed Terence
   889 | D:2      | Killed Terence
  1326 | D:2      | Reached skill level 4 in Armour
  1440 | D:3      | Reached skill level 1 in Throwing
  1465 | D:3      | Reached XP level 4. HP: 29/29 MP: 4/4
  1491 | D:3      | Noticed Ijyb
  1517 | D:3      | Reached XP level 5. HP: 11/33 MP: 5/5
  1532 | D:3      | Killed Ijyb
  1649 | D:3      | Reached skill level 1 in Dodging
  1943 | D:3      | Reached XP level 6. HP: 35/38 MP: 6/6
  2890 | D:4      | Killed from afar by an orc priest

Action                   |  1- 3 |  4- 6 || total
-------------------------+-------+-------++-------
Melee: Mace              |    89 |   205 ||   294
Throw: Dart              |    54 |    55 ||   109
  Use: Scroll            |     4 |     2 ||     6
       Potion            |       |     3 ||     3
